Cape Breton Oilers vs Kelowna Rockets
Created - Tuesday, June 20, 2023 at 07:08
Goals
|
| Cape Breton Oilers |
0 |
2 |
0 |
0 |
2 |
| Kelowna Rockets |
0 |
0 |
2 |
1 |
3 |
|
Shots
|
| Cape Breton Oilers |
3 |
12 |
4 |
0 |
19 |
| Kelowna Rockets |
0 |
6 |
13 |
3 |
22 |
|
1st period
No Goal
Penalties :
No Penalty
2nd period
1. Cape Breton Oilers , Hudson Fasching 20 (Jonah Gadjovich 18) at 8:34
2. Cape Breton Oilers , Hudson Fasching 21 (Jonah Gadjovich 19, Vladislav Kolyachonok 28) at 8:44
Penalties :
Givani Smith (KEL) for Holding (Minor) at 6:22, Ty Dellandrea (KEL) for Holding (Minor) at 10:36, Kody Clark (CBO) for High sticking (Minor) at 11:04
3rd period
3. Kelowna Rockets , Jesse Ylonen 48 (Cale Fleury 45, Ty Dellandrea 76) at 0:06
4. Kelowna Rockets , Jasper Weatherby 54 (Jesse Ylonen 61, Ty Dellandrea 77) at 8:58 (PP)
Penalties :
Kody Clark (CBO) for Slashing (Minor) at 8:55, Ty Dellandrea (KEL) for Delaying the game (Minor) at 10:49
Overtime #1
5. Kelowna Rockets , Cale Fleury 5 (Ty Dellandrea 78, Max Lajoie 45) at 0:16
Penalties :
No Penalty
Goalie Stats
Matthew Villalta (CBO), 19 saves from 22 shots - (0.864), OTL, 14-23-10, 60:16 minutes
Justus Annunen (KEL), 17 saves from 19 shots - (0.895), W, 12-17-3, 60:16 minutes
Players Stats for Cape Breton Oilers
Player Name G A P +/- PIM S H SB GA TA FO MP PP MP PK MP
------------------------------------------------------------------------------------
Alexandre Texier 0 0 0 -2 0 1 2 0 1 0 4/23 22:11 2:11 0:28
Alexey Toropchenko 0 0 0 0 0 2 2 0 1 0 0/0 18:01 2:15 0:00
Carl Grundstrom 0 0 0 0 0 5 1 0 3 1 0/2 19:10 2:15 0:03
Dylan McIlrath 0 0 0 1 0 0 0 0 0 1 0/0 14:22 0:00 0:00
Hudson Fasching 2 0 2 2 0 3 2 0 0 0 0/0 15:55 0:00 0:00
J.D. Greenway 0 0 0 0 0 0 0 1 0 0 0/0 8:07 0:00 0:00
Jonah Gadjovich 0 2 2 2 0 1 0 0 0 0 0/0 15:37 0:00 0:00
Kevin Bahl 0 0 0 -2 0 0 3 0 0 0 0/0 19:06 2:08 0:16
Kody Clark 0 0 0 -1 4 0 2 1 0 0 3/8 19:44 2:14 0:00
Leon Gawanke 0 0 0 1 0 0 0 0 0 0 0/0 14:52 0:00 0:00
Luke Evangelista 0 0 0 0 0 0 0 0 0 0 0/0 6:35 0:00 0:00
Marcus Pettersson 0 0 0 -2 0 3 0 2 1 1 0/0 24:32 2:08 0:16
Max Jones 0 0 0 0 0 0 0 0 0 0 0/0 4:09 0:00 0:00
Noel Acciari 0 0 0 -1 0 1 1 0 0 0 0/0 20:01 2:11 0:28
Parker Kelly 0 0 0 0 0 1 3 0 1 0 0/0 19:30 2:11 0:03
Philip Broberg 0 0 0 1 0 1 0 1 0 0 0/0 20:03 2:18 0:15
Vladislav Kolyachonok 0 1 1 1 0 1 0 0 1 1 0/0 20:03 2:18 0:15
Will Cuylle 0 0 0 1 0 0 2 0 0 0 2/3 17:02 0:00 0:00
Players Stats for Kelowna Rockets
Player Name G A P +/- PIM S H SB GA TA FO MP PP MP PK MP
------------------------------------------------------------------------------------
Alex Peters 0 0 0 0 0 0 2 0 1 0 0/0 15:11 0:00 0:00
Arnaud Durandeau 0 0 0 0 0 0 0 0 0 0 0/0 6:11 0:00 0:00
Cale Fleury 1 1 2 1 0 3 2 2 0 2 0/0 24:08 0:03 2:34
Givani Smith 0 0 0 -1 2 2 2 0 0 0 0/1 13:30 0:00 0:00
Jack Drury 0 0 0 -1 0 0 0 0 0 2 10/10 18:39 0:18 2:26
Jacob Perreault 0 0 0 0 0 2 2 0 0 0 1/1 16:22 0:00 0:49
Jasper Weatherby 1 0 1 1 0 5 3 0 1 0 0/0 21:37 0:03 2:36
Jesse Ylonen 1 1 2 1 0 2 0 0 0 0 0/0 16:35 0:03 0:23
Joe Gambardella 0 0 0 0 0 0 0 0 0 0 0/0 1:50 0:00 0:00
Joel Kiviranta 0 0 0 -1 0 0 3 0 0 1 0/0 16:38 0:10 0:00
Lucas Johansen 0 0 0 -1 0 1 1 1 0 0 0/0 20:28 0:28 1:52
Matias Maccelli 0 0 0 -1 0 2 1 1 1 0 0/0 18:50 0:28 1:38
Max Lajoie 0 1 1 1 0 1 1 0 0 0 0/0 24:49 0:03 2:34
Maxence Guenette 0 0 0 -1 0 1 1 0 0 0 0/0 19:56 0:28 1:52
Oskar Steen 0 0 0 -1 0 0 1 0 1 0 2/5 16:18 0:10 0:00
Oskari Laaksonen 0 0 0 0 0 0 1 0 0 1 0/0 15:23 0:00 0:00
Roby Jarventie 0 0 0 0 0 0 2 0 0 1 2/2 8:23 0:00 0:00
Ty Dellandrea 0 3 3 2 4 3 1 1 0 1 12/17 20:16 0:21 1:00
3 Stars
1 - Hudson Fasching (CBO)
2 - Cale Fleury (KEL)
3 - Jesse Ylonen (KEL)
Power Play
Cape Breton Oilers - 0 on 3 Attempt(s) - 0.00%
Kelowna Rockets - 1 on 2 Attempt(s) - 50.00%
Penalty Kill
Cape Breton Oilers - 1 on 2 Attempt(s) - 50.00%
- Score 0 goal in Penalty Kill
Kelowna Rockets - 3 on 3 Attempt(s) - 100.00%
- Score 0 goal in Penalty Kill
Team Stat
Cape Breton Oilers - Hits : 18 - Faceoff Wins : 9 - Blocked Shots : 5 - Penalty Minutes : 4
Kelowna Rockets - Hits : 23 - Faceoff Wins : 27 - Blocked Shots : 5 - Penalty Minutes : 6
Official
Referees : Tom Chmielewski and TJ Luxmore
Linesman : Mark Wheler and Ryan Gibbons
Game Notes
No Game Note
Cape Breton Oilers
5 vs 5 Forward
Center Left Wing Right Wing Time % Phy DF OF
1 Alexandre Texier Noel Acciari Parker Kelly 30 1 2 2
2 Kody Clark Carl Grundstrom Alexey Toropchenko 30 1 2 2
3 Will Cuylle Jonah Gadjovich Hudson Fasching 25 1 2 2
4 Alexandre Texier Will Cuylle Kody Clark 15 1 2 2
5 vs 5 Defense
Defense Defense Time % Phy DF OF
1 Marcus Pettersson Kevin Bahl 30 1 2 2
2 Vladislav Kolyachonok Philip Broberg 30 1 2 2
3 Dylan McIlrath Leon Gawanke 25 1 2 2
4 J.D. Greenway Marcus Pettersson 15 1 2 2
PowerPlay Forward
Center Left Wing Right Wing Time % Phy DF OF
1 Alexandre Texier Noel Acciari Parker Kelly 50 1 2 2
2 Kody Clark Carl Grundstrom Alexey Toropchenko 50 1 2 2
PowerPlay Defense
Defense Defense Time % Phy DF OF
1 Marcus Pettersson Kevin Bahl 50 1 2 2
2 Vladislav Kolyachonok Philip Broberg 50 1 2 2
Penalty Kill 4 Players Forward
Center Wing Time % Phy DF OF
1 Alexandre Texier Noel Acciari 50 1 2 2
2 Carl Grundstrom Parker Kelly 50 1 2 2
Penalty Kill 4 Players Defense
Defense Defense Time % Phy DF OF
1 Marcus Pettersson Kevin Bahl 50 1 2 2
2 Vladislav Kolyachonok Philip Broberg 50 1 2 2
Penalty Kill - 3 Players Forward
Forward Time % Phy DF OF
1 Alexandre Texier 50 1 2 2
2 Noel Acciari 50 1 2 2
Penalty Kill - 3 Players Defense
Defense Defense Time % Phy DF OF
1 Marcus Pettersson Kevin Bahl 50 1 2 2
2 Vladislav Kolyachonok Philip Broberg 50 1 2 2
4 vs 4 Forward
Center Wing Time % Phy DF OF
1 Alexandre Texier Noel Acciari 50 1 2 2
2 Carl Grundstrom Parker Kelly 50 1 2 2
4 vs 4 Defense
Defense Defense Time % Phy DF OF
1 Marcus Pettersson Kevin Bahl 50 1 2 2
2 Vladislav Kolyachonok Philip Broberg 50 1 2 2
Last Minutes Offensive
Center Left Wing Right Wing Defense Defense
Alexandre Texier Noel Acciari Parker Kelly Marcus Pettersson Kevin Bahl
Last Minutes Defensive
Center Left Wing Right Wing Defense Defense
Alexandre Texier Noel Acciari Parker Kelly Marcus Pettersson Kevin Bahl
Goaltenders
Starting : Matthew Villalta
Backup : Jack LaFontaine
Extra Forwards
Normal : Luke Evangelista, Max Jones, Hudson Fasching - PP : Luke Evangelista, Max Jones - PK : Hudson Fasching
Extra Defensemen
Normal : Dylan McIlrath, Leon Gawanke, J.D. Greenway - PP : Dylan McIlrath - PK : Leon Gawanke, J.D. Greenway
Penalty Shots
Alexandre Texier, Noel Acciari, Carl Grundstrom, Parker Kelly, Alexey Toropchenko
Kelowna Rockets
5 vs 5 Forward
Center Left Wing Right Wing Time % Phy DF OF
1 Ty Dellandrea Jasper Weatherby Jesse Ylonen 40 1 2 2
2 Oskar Steen Matias Maccelli Joel Kiviranta 30 1 2 2
3 Jack Drury Givani Smith Jacob Perreault 20 1 2 2
4 Ty Dellandrea Arnaud Durandeau Jasper Weatherby 10 1 2 2
5 vs 5 Defense
Defense Defense Time % Phy DF OF
1 Cale Fleury Max Lajoie 40 1 2 2
2 Lucas Johansen Maxence Guenette 30 1 2 2
3 Alex Peters Oskari Laaksonen 20 1 2 2
4 Max Lajoie Lucas Johansen 10 1 2 2
PowerPlay Forward
Center Left Wing Right Wing Time % Phy DF OF
1 Ty Dellandrea Jasper Weatherby Jesse Ylonen 60 1 2 2
2 Oskar Steen Matias Maccelli Joel Kiviranta 40 1 2 2
PowerPlay Defense
Defense Defense Time % Phy DF OF
1 Cale Fleury Max Lajoie 60 1 2 2
2 Lucas Johansen Maxence Guenette 40 1 2 2
Penalty Kill 4 Players Forward
Center Wing Time % Phy DF OF
1 Ty Dellandrea Jasper Weatherby 60 1 2 2
2 Jesse Ylonen Matias Maccelli 40 1 2 2
Penalty Kill 4 Players Defense
Defense Defense Time % Phy DF OF
1 Cale Fleury Max Lajoie 60 1 2 2
2 Lucas Johansen Maxence Guenette 40 1 2 2
Penalty Kill - 3 Players Forward
Forward Time % Phy DF OF
1 Ty Dellandrea 60 1 2 2
2 Jasper Weatherby 40 1 2 2
Penalty Kill - 3 Players Defense
Defense Defense Time % Phy DF OF
1 Cale Fleury Max Lajoie 60 1 2 2
2 Lucas Johansen Maxence Guenette 40 1 2 2
4 vs 4 Forward
Center Wing Time % Phy DF OF
1 Ty Dellandrea Jasper Weatherby 60 1 2 2
2 Jesse Ylonen Matias Maccelli 40 1 2 2
4 vs 4 Defense
Defense Defense Time % Phy DF OF
1 Cale Fleury Max Lajoie 60 1 2 2
2 Lucas Johansen Maxence Guenette 40 1 2 2
Last Minutes Offensive
Center Left Wing Right Wing Defense Defense
Ty Dellandrea Jasper Weatherby Jesse Ylonen Cale Fleury Max Lajoie
Last Minutes Defensive
Center Left Wing Right Wing Defense Defense
Ty Dellandrea Jasper Weatherby Jesse Ylonen Cale Fleury Max Lajoie
Goaltenders
Starting : Justus Annunen
Backup : Eetu Makiniemi
Extra Forwards
Normal : Roby Jarventie, Ty Dellandrea, Jack Drury - PP : Roby Jarventie, Ty Dellandrea - PK : Jack Drury
Extra Defensemen
Normal : Max Lajoie, Maxence Guenette, Cale Fleury - PP : Cale Fleury - PK : Maxence Guenette, Cale Fleury
Penalty Shots
Ty Dellandrea, Jasper Weatherby, Jesse Ylonen, Matias Maccelli, Oskar Steen
% Time on Ice - Cape Breton Oilers
Lines # - Real PCT - Wanted PCT - Time Play
Normal Forward
1 - 31% - 30% - 16:34
2 - 35% - 30% - 18:45
3 - 27% - 25% - 14:28
4 - 7% - 15% - 3:45
Normal Defense
1 - 28% - 30% - 14:46
2 - 31% - 30% - 16:39
3 - 27% - 25% - 14:14
4 - 15% - 15% - 7:53
PP Forward
1 - 49% - 50% - 2:11
2 - 51% - 50% - 2:15
PP Defense
1 - 48% - 50% - 2:08
2 - 52% - 50% - 2:18
PK Forward
1 - 90% - 50% - 0:28
2 - 10% - 50% - 0:03
PK Defense
1 - 52% - 50% - 0:16
2 - 48% - 50% - 0:15
PK3 Forward
1 - 0% - 50%
2 - 0% - 50%
PK3 Defense
1 - 0% - 50%
2 - 0% - 50%
44 Forward
1 - 52% - 50% - 0:56
2 - 48% - 50% - 0:51
44 Defense
1 - 52% - 50% - 0:56
2 - 48% - 50% - 0:51
Last Minute Offensive - 0:00
Last Minute Defensive - 0:00
Total
Forward - 60:16
Defense - 60:16
|
% Time on Ice - Kelowna Rockets
Lines # - Real PCT - Wanted PCT - Time Play
Normal Forward
1 - 31% - 40% - 16:39
2 - 33% - 30% - 17:48
3 - 24% - 20% - 12:54
4 - 12% - 10% - 6:11
Normal Defense
1 - 36% - 40% - 19:12
2 - 31% - 30% - 16:31
3 - 28% - 20% - 15:00
4 - 5% - 10% - 2:49
PP Forward
1 - 68% - 60% - 0:21
2 - 32% - 40% - 0:10
PP Defense
1 - 10% - 60% - 0:03
2 - 90% - 40% - 0:28
PK Forward
1 - 91% - 60% - 4:03
2 - 9% - 40% - 0:23
PK Defense
1 - 58% - 60% - 2:34
2 - 42% - 40% - 1:52
PK3 Forward
1 - 0% - 60%
2 - 0% - 40%
PK3 Defense
1 - 0% - 60%
2 - 0% - 40%
44 Forward
1 - 100% - 60% - 1:47
2 - 0% - 40% - 0:00
44 Defense
1 - 74% - 60% - 1:19
2 - 26% - 40% - 0:28
Last Minute Offensive - 0:00
Last Minute Defensive - 0:00
Total
Forward - 60:16
Defense - 60:16
|
Play-by-Play
1st period
0:01 of 1st period - Ty Dellandrea wins face-off versus Alexandre Texier in neutral zone.
0:06 of 1st period - Slapshot by Jesse Ylonen.
0:06 of 1st period - Shot Blocked by Marcus Pettersson.
0:59 of 1st period - Slapshot by Alexey Toropchenko.
0:59 of 1st period - Stopped by Justus Annunen with a rebound.
1:01 of 1st period - Slapshot by Carl Grundstrom.
1:01 of 1st period - Stopped by Justus Annunen without a rebound.
1:02 of 1st period - Jack Drury wins face-off versus Alexandre Texier in Kelowna Rockets zone.
1:28 of 1st period - Parker Kelly is hit by Joel Kiviranta.
2:07 of 1st period - Vladislav Kolyachonok is hit by Jasper Weatherby and loses puck.
2:19 of 1st period - Off-side.
2:20 of 1st period - Jack Drury wins face-off versus Alexandre Texier in neutral zone.
2:23 of 1st period - Alexandre Texier is hit by Cale Fleury and loses puck.
2:42 of 1st period - Jacob Perreault is hit by Hudson Fasching and loses puck.
2:47 of 1st period - Snap shot by Jonah Gadjovich.
2:47 of 1st period - Stopped by Justus Annunen with a rebound.
2:49 of 1st period - Snap shot by Hudson Fasching.
2:49 of 1st period - Shot Misses the Net.
2:51 of 1st period - Slapshot by Marcus Pettersson.
2:51 of 1st period - Shot Misses the Net.
4:23 of 1st period - Parker Kelly is hit by Alex Peters and loses puck.
4:31 of 1st period - Ty Dellandrea is hit by Parker Kelly and loses puck.
10:44 of 1st period - Jesse Ylonen is hit by Alexey Toropchenko and loses puck.
11:57 of 1st period - Alexandre Texier is hit by Lucas Johansen and loses puck.
12:20 of 1st period - J.D. Greenway is hit by Jasper Weatherby and loses puck.
12:47 of 1st period - Jacob Perreault is hit by Kevin Bahl and loses puck.
14:16 of 1st period - Alexandre Texier is hit by Roby Jarventie and loses puck.
15:06 of 1st period - Alexandre Texier is hit by Jasper Weatherby and loses puck.
16:27 of 1st period - Alexey Toropchenko is hit by Oskari Laaksonen.
16:40 of 1st period - Icing by Hudson Fasching.
16:41 of 1st period - Oskar Steen wins face-off versus Alexandre Texier in Cape Breton Oilers zone.
17:14 of 1st period - Max Lajoie is hit by Parker Kelly and loses puck.
18:08 of 1st period - Noel Acciari is hit by Givani Smith and loses puck.
Goals for this period are 0 for Cape Breton Oilers vs 0 for Kelowna Rockets.
Shots for this period are 3 for Cape Breton Oilers vs 0 for Kelowna Rockets.
2nd period
0:01 of 2nd period - Ty Dellandrea wins face-off versus Alexandre Texier in neutral zone.
0:16 of 2nd period - Slapshot by Marcus Pettersson.
0:16 of 2nd period - Deflect By Jesse Ylonen.
0:16 of 2nd period - Stopped by Justus Annunen with a rebound.
0:26 of 2nd period - Parker Kelly is hit by Joel Kiviranta and loses puck.
3:05 of 2nd period - Parker Kelly is hit by Jacob Perreault and loses puck.
4:08 of 2nd period - Icing by Jonah Gadjovich.
4:09 of 2nd period - Jack Drury wins face-off versus Will Cuylle in Cape Breton Oilers zone.
4:10 of 2nd period - Backhand shot by Jacob Perreault.
4:10 of 2nd period - Stopped by Matthew Villalta with a rebound.
4:12 of 2nd period - Wrist shot by Givani Smith.
4:12 of 2nd period - Shot Misses the Net.
4:14 of 2nd period - Backhand shot by Lucas Johansen.
4:14 of 2nd period - Stopped by Matthew Villalta without a rebound.
4:15 of 2nd period - Jack Drury wins face-off versus Kody Clark in Cape Breton Oilers zone.
4:20 of 2nd period - Slapshot by Givani Smith.
4:20 of 2nd period - Stopped by Matthew Villalta without a rebound.
4:21 of 2nd period - Ty Dellandrea wins face-off versus Kody Clark in Cape Breton Oilers zone.
5:17 of 2nd period - Wrist shot by Jacob Perreault.
5:17 of 2nd period - Stopped by Matthew Villalta with a rebound.
6:05 of 2nd period - Icing by Noel Acciari.
6:06 of 2nd period - Jack Drury wins face-off versus Alexandre Texier in Cape Breton Oilers zone.
6:22 of 2nd period - Minor Penalty to Givani Smith for Holding.
6:23 of 2nd period - Alexandre Texier wins face-off versus Ty Dellandrea in Kelowna Rockets zone.
6:38 of 2nd period - Snap shot by Jasper Weatherby.
6:38 of 2nd period - Stopped by Matthew Villalta with a rebound.
8:22 of 2nd period - Penalty to Givani Smith is over, Givani Smith is back on ice.
8:29 of 2nd period - Maxence Guenette is hit by Will Cuylle and loses puck.
8:34 of 2nd period - Snap shot by Hudson Fasching.
8:34 of 2nd period - Goal by Hudson Fasching - Cape Breton Oilers : 1 - Kelowna Rockets : 0.
8:35 of 2nd period - Will Cuylle wins face-off versus Oskar Steen in neutral zone.
8:44 of 2nd period - Wrist shot by Jonah Gadjovich.
8:44 of 2nd period - Deflect By Hudson Fasching.
8:44 of 2nd period - Goal by Hudson Fasching - Cape Breton Oilers : 2 - Kelowna Rockets : 0.
8:45 of 2nd period - Ty Dellandrea wins face-off versus Alexandre Texier in neutral zone.
8:56 of 2nd period - Ty Dellandrea is hit by Alexandre Texier and loses puck.
9:01 of 2nd period - Wrist shot by Alexandre Texier.
9:01 of 2nd period - Stopped by Justus Annunen without a rebound.
9:02 of 2nd period - Oskar Steen wins face-off versus Alexandre Texier in Kelowna Rockets zone.
9:11 of 2nd period - Wrist shot by Alexandre Texier.
9:11 of 2nd period - Shot Blocked by Matias Maccelli.
9:29 of 2nd period - Alexey Toropchenko is hit by Max Lajoie and loses puck.
9:34 of 2nd period - Wrist shot by Jesse Ylonen.
9:34 of 2nd period - Deflect By Jasper Weatherby.
9:34 of 2nd period - Stopped by Matthew Villalta without a rebound.
9:35 of 2nd period - Kody Clark wins face-off versus Ty Dellandrea in Cape Breton Oilers zone.
9:50 of 2nd period - Slapshot by Carl Grundstrom.
9:50 of 2nd period - Stopped by Justus Annunen with a rebound.
10:02 of 2nd period - Snap shot by Matias Maccelli.
10:02 of 2nd period - Shot Misses the Net.
10:19 of 2nd period - Off-side.
10:20 of 2nd period - Will Cuylle wins face-off versus Givani Smith in neutral zone.
10:31 of 2nd period - Slapshot by Jonah Gadjovich.
10:31 of 2nd period - Shot Misses the Net.
10:33 of 2nd period - Slapshot by Hudson Fasching.
10:33 of 2nd period - Stopped by Justus Annunen without a rebound.
10:34 of 2nd period - Ty Dellandrea wins face-off versus Alexandre Texier in Kelowna Rockets zone.
10:36 of 2nd period - Minor Penalty to Ty Dellandrea for Holding.
10:37 of 2nd period - Jack Drury wins face-off versus Alexandre Texier in Kelowna Rockets zone.
10:53 of 2nd period - Snap shot by Noel Acciari.
10:53 of 2nd period - Shot Blocked by Cale Fleury.
11:04 of 2nd period - Minor Penalty to Kody Clark for High sticking.
11:05 of 2nd period - Roby Jarventie wins face-off versus Alexandre Texier in Cape Breton Oilers zone.
11:06 of 2nd period - Slapshot by Jasper Weatherby.
11:06 of 2nd period - Shot Misses the Net.
11:12 of 2nd period - Snap shot by Noel Acciari.
11:12 of 2nd period - Shot Misses the Net.
11:16 of 2nd period - Slapshot by Alexandre Texier.
11:16 of 2nd period - Shot Misses the Net.
11:18 of 2nd period - Slapshot by Marcus Pettersson.
11:18 of 2nd period - Shot Misses the Net.
11:32 of 2nd period - Cale Fleury is hit by Parker Kelly and loses puck.
11:44 of 2nd period - Off-side.
11:45 of 2nd period - Jack Drury wins face-off versus Alexandre Texier in neutral zone.
11:56 of 2nd period - Slapshot by Philip Broberg.
11:56 of 2nd period - Stopped by Justus Annunen without a rebound.
11:57 of 2nd period - Roby Jarventie wins face-off versus Carl Grundstrom in Kelowna Rockets zone.
12:02 of 2nd period - Parker Kelly is hit by Roby Jarventie and loses puck.
12:35 of 2nd period - Slapshot by Philip Broberg.
12:35 of 2nd period - Shot Blocked by Lucas Johansen.
12:36 of 2nd period - Penalty to Ty Dellandrea is over, Ty Dellandrea is back on ice.
12:37 of 2nd period - Slapshot by Vladislav Kolyachonok.
12:37 of 2nd period - Stopped by Justus Annunen with a rebound.
12:39 of 2nd period - Backhand shot by Alexandre Texier.
12:39 of 2nd period - Shot Misses the Net.
12:41 of 2nd period - Wrist shot by Noel Acciari.
12:41 of 2nd period - Stopped by Justus Annunen with a rebound.
12:43 of 2nd period - Slapshot by Vladislav Kolyachonok.
12:43 of 2nd period - Shot Misses the Net.
13:04 of 2nd period - Penalty to Kody Clark is over, Kody Clark is back on ice.
13:36 of 2nd period - Jacob Perreault is hit by Carl Grundstrom and loses puck.
13:41 of 2nd period - Wrist shot by Carl Grundstrom.
13:41 of 2nd period - Stopped by Justus Annunen with a rebound.
13:43 of 2nd period - Snap shot by Kody Clark.
13:43 of 2nd period - Shot Blocked by Cale Fleury.
13:45 of 2nd period - Wrist shot by Carl Grundstrom.
13:45 of 2nd period - Stopped by Justus Annunen with a rebound.
13:55 of 2nd period - Alexandre Texier is hit by Cale Fleury.
16:25 of 2nd period - Marcus Pettersson is hit by Givani Smith and loses puck.
16:54 of 2nd period - Icing by Cale Fleury.
16:55 of 2nd period - Alexandre Texier wins face-off versus Oskar Steen in Kelowna Rockets zone.
16:56 of 2nd period - Slapshot by Parker Kelly.
16:56 of 2nd period - Stopped by Justus Annunen with a rebound.
17:20 of 2nd period - Ty Dellandrea is hit by Alexey Toropchenko and loses puck.
19:11 of 2nd period - Will Cuylle is hit by Jacob Perreault and loses puck.
19:36 of 2nd period - Dylan McIlrath is hit by Matias Maccelli and loses puck.
19:50 of 2nd period - Icing by Dylan McIlrath.
19:51 of 2nd period - Jack Drury wins face-off versus Kody Clark in Cape Breton Oilers zone.
19:52 of 2nd period - Wrist shot by Jacob Perreault.
19:52 of 2nd period - Shot Hit the Post.
Goals for this period are 2 for Cape Breton Oilers vs 0 for Kelowna Rockets.
Shots for this period are 12 for Cape Breton Oilers vs 6 for Kelowna Rockets.
3rd period
0:01 of 3rd period - Ty Dellandrea wins face-off versus Alexandre Texier in neutral zone.
0:03 of 3rd period - Cale Fleury is hit by Kevin Bahl and loses puck.
0:06 of 3rd period - Snap shot by Jesse Ylonen.
0:06 of 3rd period - Goal by Jesse Ylonen - Cape Breton Oilers : 2 - Kelowna Rockets : 1.
0:07 of 3rd period - Alexandre Texier wins face-off versus Ty Dellandrea in neutral zone.
0:10 of 3rd period - Slapshot by Alexandre Texier.
0:10 of 3rd period - Shot Misses the Net.
0:14 of 3rd period - Slapshot by Marcus Pettersson.
0:14 of 3rd period - Stopped by Justus Annunen without a rebound.
0:15 of 3rd period - Ty Dellandrea wins face-off versus Alexandre Texier in Kelowna Rockets zone.
0:15 of 3rd period - Ty Dellandrea is hit by Kody Clark.
0:23 of 3rd period - Will Cuylle is hit by Ty Dellandrea and loses puck.
0:40 of 3rd period - Wrist shot by Carl Grundstrom.
0:40 of 3rd period - Shot Misses the Net.
0:42 of 3rd period - Slapshot by Marcus Pettersson.
0:42 of 3rd period - Shot Misses the Net.
0:44 of 3rd period - Slapshot by Kevin Bahl.
0:44 of 3rd period - Shot Blocked by Ty Dellandrea.
0:46 of 3rd period - Slapshot by Alexey Toropchenko.
0:46 of 3rd period - Stopped by Justus Annunen with a rebound.
1:43 of 3rd period - Lucas Johansen is hit by Kody Clark and loses puck.
1:54 of 3rd period - Hudson Fasching is hit by Maxence Guenette and loses puck.
2:19 of 3rd period - Leon Gawanke is hit by Oskar Steen and loses puck.
7:10 of 3rd period - Icing by Leon Gawanke.
7:11 of 3rd period - Alexandre Texier wins face-off versus Oskar Steen in Cape Breton Oilers zone.
7:16 of 3rd period - Vladislav Kolyachonok is hit by Joel Kiviranta and loses puck.
7:31 of 3rd period - Icing by Max Lajoie.
7:32 of 3rd period - Jack Drury wins face-off versus Alexandre Texier in Kelowna Rockets zone.
7:39 of 3rd period - Snap shot by Jack Drury.
7:39 of 3rd period - Shot Misses the Net.
7:41 of 3rd period - Snap shot by Givani Smith.
7:41 of 3rd period - Shot Misses the Net.
7:43 of 3rd period - Slapshot by Cale Fleury.
7:43 of 3rd period - Stopped by Matthew Villalta without a rebound.
7:44 of 3rd period - Ty Dellandrea wins face-off versus Kody Clark in Cape Breton Oilers zone.
7:47 of 3rd period - Snap shot by Jasper Weatherby.
7:47 of 3rd period - Stopped by Matthew Villalta without a rebound.
7:48 of 3rd period - Kody Clark wins face-off versus Ty Dellandrea in Cape Breton Oilers zone.
7:55 of 3rd period - Wrist shot by Carl Grundstrom.
7:55 of 3rd period - Stopped by Justus Annunen with a rebound.
8:03 of 3rd period - Slapshot by Marcus Pettersson.
8:03 of 3rd period - Deflect By Jasper Weatherby.
8:03 of 3rd period - Stopped by Justus Annunen with a rebound.
8:29 of 3rd period - Oskar Steen is hit by Alexandre Texier and loses puck.
8:40 of 3rd period - Slapshot by Jacob Perreault.
8:40 of 3rd period - Shot Misses the Net.
8:42 of 3rd period - Slapshot by Maxence Guenette.
8:42 of 3rd period - Stopped by Matthew Villalta with a rebound.
8:44 of 3rd period - Slapshot by Maxence Guenette.
8:44 of 3rd period - Shot Misses the Net.
8:48 of 3rd period - Snap shot by Jacob Perreault.
8:48 of 3rd period - Shot Misses the Net.
8:50 of 3rd period - Slapshot by Lucas Johansen.
8:50 of 3rd period - Shot Blocked by Philip Broberg.
8:52 of 3rd period - Snap shot by Givani Smith.
8:52 of 3rd period - Stopped by Matthew Villalta without a rebound.
8:53 of 3rd period - Kody Clark wins face-off versus Ty Dellandrea in Cape Breton Oilers zone.
8:55 of 3rd period - Minor Penalty to Kody Clark for Slashing.
8:56 of 3rd period - Ty Dellandrea wins face-off versus Carl Grundstrom in Cape Breton Oilers zone.
8:56 of 3rd period - Snap shot by Jesse Ylonen.
8:56 of 3rd period - Shot Misses the Net.
8:58 of 3rd period - Snap shot by Jasper Weatherby.
8:58 of 3rd period - Goal by Jasper Weatherby - Cape Breton Oilers : 2 - Kelowna Rockets : 2.
8:59 of 3rd period - Ty Dellandrea wins face-off versus Alexandre Texier in neutral zone.
9:02 of 3rd period - Snap shot by Jasper Weatherby.
9:02 of 3rd period - Shot Blocked by Kody Clark.
9:04 of 3rd period - Slapshot by Cale Fleury.
9:04 of 3rd period - Shot Misses the Net.
9:06 of 3rd period - Snap shot by Cale Fleury.
9:06 of 3rd period - Stopped by Matthew Villalta with a rebound.
9:08 of 3rd period - Slapshot by Cale Fleury.
9:08 of 3rd period - Shot Blocked by Marcus Pettersson.
9:10 of 3rd period - Wrist shot by Max Lajoie.
9:10 of 3rd period - Deflect By Ty Dellandrea.
9:10 of 3rd period - Shot Misses the Net.
9:10 of 3rd period - Puck is out of play.
9:11 of 3rd period - Ty Dellandrea wins face-off versus Alexandre Texier in Cape Breton Oilers zone.
9:14 of 3rd period - Wrist shot by Jasper Weatherby.
9:14 of 3rd period - Shot Misses the Net.
9:16 of 3rd period - Slapshot by Ty Dellandrea.
9:16 of 3rd period - Stopped by Matthew Villalta with a rebound.
9:18 of 3rd period - Snap shot by Max Lajoie.
9:18 of 3rd period - Shot Blocked by J.D. Greenway.
9:20 of 3rd period - Slapshot by Cale Fleury.
9:20 of 3rd period - Deflect By Jasper Weatherby.
9:20 of 3rd period - Stopped by Matthew Villalta with a rebound.
9:22 of 3rd period - Wrist shot by Jesse Ylonen.
9:22 of 3rd period - Shot Misses the Net.
9:24 of 3rd period - Snap shot by Jesse Ylonen.
9:24 of 3rd period - Stopped by Matthew Villalta with a rebound.
9:26 of 3rd period - Slapshot by Max Lajoie.
9:26 of 3rd period - Stopped by Matthew Villalta with a rebound.
10:49 of 3rd period - Minor Penalty to Ty Dellandrea for Delaying the game.
10:50 of 3rd period - Jack Drury wins face-off versus Kody Clark in Kelowna Rockets zone.
11:47 of 3rd period - Icing by Noel Acciari.
11:48 of 3rd period - Jacob Perreault wins face-off versus Alexandre Texier in Cape Breton Oilers zone.
11:49 of 3rd period - Wrist shot by Matias Maccelli.
11:49 of 3rd period - Stopped by Matthew Villalta with a rebound.
11:55 of 3rd period - Cale Fleury is hit by Kevin Bahl and loses puck.
12:28 of 3rd period - Snap shot by Matias Maccelli.
12:28 of 3rd period - Stopped by Matthew Villalta with a rebound.
12:49 of 3rd period - Penalty to Ty Dellandrea is over, Ty Dellandrea is back on ice.
12:54 of 3rd period - Matias Maccelli is hit by Will Cuylle.
16:08 of 3rd period - J.D. Greenway is hit by Alex Peters and loses puck.
16:38 of 3rd period - Max Lajoie is hit by Hudson Fasching and loses puck.
17:57 of 3rd period - Matias Maccelli is hit by Noel Acciari and loses puck.
Goals for this period are 0 for Cape Breton Oilers vs 2 for Kelowna Rockets.
Shots for this period are 4 for Cape Breton Oilers vs 13 for Kelowna Rockets.
Overtime #1
0:01 of 1st overtime period - Ty Dellandrea wins face-off versus Alexandre Texier in neutral zone.
0:12 of 1st overtime period - Wrist shot by Ty Dellandrea.
0:12 of 1st overtime period - Stopped by Matthew Villalta with a rebound.
0:14 of 1st overtime period - Slapshot by Max Lajoie.
0:14 of 1st overtime period - Deflect By Ty Dellandrea.
0:14 of 1st overtime period - Stopped by Matthew Villalta with a rebound.
0:16 of 1st overtime period - Slapshot by Cale Fleury.
0:16 of 1st overtime period - Goal by Cale Fleury - Cape Breton Oilers : 2 - Kelowna Rockets : 3.
Goals for this period are 0 for Cape Breton Oilers vs 1 for Kelowna Rockets.
Shots for this period are 0 for Cape Breton Oilers vs 3 for Kelowna Rockets.
Back to the Top